 Dungeon Crawl Stone Soup version 0.30-a0-374-g95c0257040 (webtiles) character file.

Game seed: 8936243999353326013

5 flotson the Sneak (level 1, 0/18 HPs)
             Began as a Demonspawn Delver on Nov 27, 2022.
             Slain by a scorpion (6 damage)
             ... on level 5 of the Dungeon.
             The game lasted 00:01:42 (177 turns).

flotson the Sneak (Demonspawn Delver)                Turns: 177, Time: 00:01:42

Health: 0/18       AC:  8    Str: 12    XL:     1   Next: 66%
Magic:  1/1        EV:  5    Int: 11    God:
Gold:   0          SH:  0    Dex: 14    Spells: 0/0 levels left

rFire   . . .      SeeInvis .    a - +0 spear
rCold   . . .      Faith    .    (no shield)
rNeg    . . .      Spirit   .    i - +0 chain mail
rPois   .          Reflect  .    (no helmet)
rElec   .          Harm     .    (no cloak)
rCorr   .          Rampage  .    (no gloves)
Will    .....                    (no boots)
Stlth   ..........               (no amulet)
HPRegen 0.23/turn                (no ring)
MPRegen 0.07/turn                (no ring)

@: no status effects
A: no striking features
a: no special abilities


You were on level 5 of the Dungeon.
You visited 1 branch of the dungeon, and saw 1 of its levels.

Inventory:

Hand Weapons
 a - a +0 spear (weapon)
Armour
 i - a +0 chain mail (worn)
Wands
 g - a wand of digging (3)
Potions
 h - a potion of flight


   Skills:
 + Level 3.1 Fighting
 - Level 1.7 Polearms
 + Level 0.3 Armour
 + Level 1.9 Dodging
 - Level 4.5 Stealth
 + Level 0.4 Evocations


You couldn't memorise any spells.
You didn't know any spells.
Your spell library was empty.

Dungeon Overview and Level Annotations

Branches:
Dungeon (5/15)
 Temple: D:4-7

Altars:

Annotations:
D:5 Edmund


Message History

* * * LOW HITPOINT WARNING * * *
You hit the ufetubus.
You kill the ufetubus!
The necrophage hits you.
* * * LOW HITPOINT WARNING * * *
You feel drained.
Your life force feels restored.
Edmund and an iguana come into view.
Edmund is wielding a +3 vorpal dire flail and wearing a +0 scale mail of cold resistance.
Edmund drinks a potion.
Edmund seems to speed up.
As you read the scroll labelled IFIERUC IPNATO, it crumbles to dust.
It is a scroll of identify.
h - a potion of flight The iguana barely misses you.
A scorpion comes into view.
Found a bubbling amethyst potion.
An orc comes into view. It is wielding a +0 short sword.
The orc throws a boomerang.
The boomerang hits you but does no damage.
The orc throws a boomerang.
The boomerang hits you but does no damage.
Your extra speed is starting to run out.
Found a potion of flight.
You feel yourself slow down.
A dart slug comes into view.
Found a robe.
A scorpion comes into view.
You see here a +0 robe.
The scorpion stings you. The scorpion barely misses you.
The scorpion stings you but does no damage.
The scorpion stings you.
* * * LOW HITPOINT WARNING * * *
As you read the scroll of fog, it crumbles to dust.
The scroll dissolves into smoke.
The scorpion completely misses you.
You hear the rusting of a distant drain.
The scorpion stings you but does no damage.
A quokka comes into view.
Found a stone staircase leading up.
The scorpion attacks as you move away! The scorpion stings you.
You die...

*,,,,,,,,,,,***,*
************,***,,,,,,,*
~~~~~,*** *,* *********
∩~~~~,,,* *,* ~~~~~,*,*#**,*
*******,,,..,* #####**** *,*
*,*###.###* #...,,,,* *,*
*,,<......#####.###**,*
***,***,,#..r...@s.s....# *,*
,,,,,,,,,..#.##.#####w#§# *,*
***,***,,**,,.......§§§§# *,#
*,,,* *,,,,.....#.#.#§w§###.#
*,*,****,......#**####§§§...#
,,,,,* **###...,**,*#..#.####
,*,*,* #...***,,##w..# ##
∩,*,,* #.#.**,*,##...# #.
,*,*,** **+*,,*,,*#....# #.


You could see 2 scorpions, a dart slug and a quokka.

Vanquished Creatures
  An ufetubus (D:5)
1 creature vanquished.

Notes
Turn   | Place    | Note
-------+----------+-------------------------------------------
     0 | D:5      | flotson the Demonspawn Delver began the quest for the Orb.
     0 | D:5      | Reached XP level 1. HP: 18/18 MP: 1/1
    24 | D:5      | Noticed a water moccasin
    66 | D:5      | Noticed a necrophage
   120 | D:5      | Noticed Edmund
   120 | D:5      | Noticed an iguana
   125 | D:5      | Noticed a scorpion
   160 | D:5      | Noticed a scorpion
   177 | D:5      | Slain by a scorpion

Illustrated notes

Levels and vault maps discovered:
D:5:      layout_loops_corners, portal_sewer_entry_f, minmay_shop_grid_forest,
          minmay_manual_macuahuitl, uniq_edmund, uniq_prince_ribbit1

Action                   || total
-------------------------++-------
Melee: Spear             ||    10
  Use: Scroll            ||     4
       Potion            ||     1
Armor: Chain mail        ||    20
Dodge: Dodged            ||     6

Table legend: (Time is in decaauts)
 A = Elapsed time spent in this place.
 B = Non-inter-level travel time spent in this place.
 C = Inter-level travel time spent in this place.
 D = Time resting spent in this place.
 E = Time spent auto-exploring this place.
 F = Levels seen in this place.
 G = Mean time per level.
                   A        B        C        D        E       F      G
               +--------+--------+--------+--------+--------+-----+--------+
         Total |    158 |    158 |      0 |      0 |      9 |   1 |  158.0 |
       Dungeon |    158 |    158 |      0 |      0 |      9 |   1 |  158.0 |
               +--------+--------+--------+--------+--------+-----+--------+

Top non-repeatable levels by time:
     D:5: 158 daAuts
